 Dungeon Crawl Stone Soup version 0.24-b1 (webtiles) character file.

Game seed: 177215945601734472, levelgen mode: deterministic

231 Arixos the Charmwright (level 6, 0/32 HPs)
             Began as a Vine Stalker Skald on Oct 12, 2019.
             Was an Initiate of Makhleb.
             Slain by a scorpion (7 damage)
             ... on level 4 of the Dungeon.
             The game lasted 00:22:38 (3480 turns).

Arixos the Charmwright (Vine Stalker Skald)         Turns: 3480, Time: 00:22:38

Health: 0/32       AC:  6    Str: 11    XL:     6   Next: 3%
Magic:  0/11       EV: 13    Int: 13    God:    Makhleb [......]
Gold:   149        SH:  0    Dex: 15    Spells: 4/11 levels left

rFire    . . .     SeeInvis .   a - +1 falchion
rCold    . . .     Gourm    .   (no shield)
rNeg     . . .     Faith    .   b - +0 leather armour
rPois    .         Spirit   +   p - +1 helmet
rElec    .         Reflect  .   (no cloak)
rCorr    .         Harm     .   (no gloves)
MR       .....                  q - +0 pair of boots
Stlth    +.........             (no amulet)
HPRegen  0.50/turn              e - -3 ring of strength (curse)
MPRegen  0.12/turn              j - +1 ring of evasion

@: lethally poisoned (0 -> -3), about to teleport, very slightly contaminated
A: fangs 2, regeneration 1, magic shield, antimagic bite, no potion heal 3, rot
immunity
a: Renounce Religion


You were on level 4 of the Dungeon.
You worshipped Makhleb.
Makhleb was noncommittal.
You were not hungry.

You visited 2 branches of the dungeon, and saw 5 of its levels.

You collected 149 gold pieces.

Inventory:

Hand Weapons
 a - a +1 falchion (weapon)
Missiles
 h - 22 poisoned darts (quivered)
Armour
 b - a +0 leather armour (worn)
 p - a +1 helmet (worn)
 q - a +0 pair of boots (worn)
Jewellery
 c - an uncursed amulet of guardian spirit {unknown}
 e - a cursed -3 ring of strength (left hand)
 j - a +1 ring of evasion (right hand)
Scrolls
 i - 2 scrolls of identify
 k - a scroll of enchant armour
 n - a scroll of random uselessness {unknown}
 o - a scroll of enchant weapon
 r - a scroll of magic mapping {unknown}
Potions
 g - a potion of invisibility {unknown}
 l - 2 potions of heal wounds
 m - a potion of agility
Comestibles
 d - 10 rations
 s - 2 chunks of flesh


   Skills:
 + Level 2.6 Fighting
 + Level 2.7 Long Blades
 - Level 0.7 Armour
 + Level 2.4 Dodging
 + Level 3.2 Spellcasting
 + Level 3.8 Charms
 + Level 0.9 Necromancy
 + Level 1.7 Translocations


You had 4 spell levels left.
You knew the following spells:

 Your Spells              Type           Power        Failure   Level  Hunger
a - Song of Slaying       Chrm           ##......     10%         2    ##.....
r - Regeneration          Chrm/Necr      #.........   32%         3    ###....
s - Shroud of Golubria    Chrm/Tloc      #.....       14%         2    ##.....

Your spell library contained the following spells:

 Spells                   Type           Power        Failure   Level  Hunger
 Infusion                 Chrm           ##..         6%          1    #......
 Spectral Weapon          Hex/Chrm       #.......     38%         3    ###....


Dungeon Overview and Level Annotations

Branches:
Dungeon (4/15)             Temple (1/1) D:4

Altars:
Ashenzari
Cheibriados
Fedhas
Gozag
Hepliaklqana
Kikubaaqudgha
Makhleb
Nemelex Xobeh
Okawaru
Qazlal
Ru
Sif Muna
Trog
Uskayaw
Vehumet
Wu Jian
Xom
Zin
The Shining One


Innate Abilities, Weirdness & Mutations

You have extremely sharp teeth.
Your natural rate of healing is unusually fast.
When hurt, damage is shared between your health and your magic reserves.
Your bite disrupts and absorbs the magic of your enemies.
Potions cannot restore your health.
You are immune to rotting.


Message History

You hit the scorpion but do no damage.
The scorpion is lightly wounded.
You feel sick. The scorpion stings you.
You are more poisoned.
The scorpion poisons you!
You hit the scorpion but do no damage. Your bite misses the scorpion.
The scorpion is lightly wounded.
You feel sick. The scorpion misses you.
You hit the scorpion but do no damage.
The scorpion is lightly wounded.
You feel sick. The scorpion barely misses you.
You closely miss the scorpion.
You bite the scorpion, but do no damage.
The scorpion is lightly wounded.
You feel sick. The scorpion stings you.
* * * LOW HITPOINT WARNING * * *
Your shroud falls apart!
As you read the scroll of teleportation, it crumbles to dust.
You feel strangely unstable.
You feel sick. The scorpion stings you!
You die...

... .######### ...
........>#
.....#######.### .....
#####.[.########≈#
...###...s@.#≈÷≈≈..≈≈#
...#......##########
#.#.###....#######
#.## #..........####
##.# #..............
## #.###......## #.#
#......# #.# #.######
#.# #.# #..


You could see a scorpion.

Vanquished Creatures
  An orc priest (D:2)
  Natasha (Temple)
  A worker ant (D:4)
  Robin (D:2)
  3 adders
  3 worms (D:2)
  3 dart slugs
  2 leopard geckos
  6 orcs
  4 giant cockroaches
  15 goblins
  12 hobgoblins
  6 jackals
  5 kobolds
  5 quokkas
  A ball python (D:3)
  7 bats
  5 frilled lizards
  8 rats
89 creatures vanquished.

Notes
Turn   | Place    | Note
-------+----------+-------------------------------------------
     0 | D:1      | Arixos the Vine Stalker Skald began the quest for the Orb.
     0 | D:1      | Reached XP level 1. HP: 11/11 MP: 4/4
   122 | D:1      | Reached XP level 2. HP: 15/15 MP: 6/6
   126 | D:1      | Learned a level 2 spell: Shroud of Golubria
   667 | D:2      | Reached XP level 3. HP: 9/18 MP: 5/7
  1088 | D:2      | Learned a level 2 spell: Song of Slaying
  1349 | D:2      | Noticed Robin
  1352 | D:2      | Gained mutation: Your natural rate of healing is unusually
                  | fast. [Vine Stalker growth]
  1352 | D:2      | Reached XP level 4. HP: 18/23 MP: 2/8
  1529 | D:2      | Reached skill level 1 in Translocations
  1606 | D:2      | Killed Robin
  2018 | D:3      | Learned a level 3 spell: Regeneration
  2098 | D:2      | Reached XP level 5. HP: 26/27 MP: 2/10
  2252 | D:3      | HP: 1/27 [orc priest/divine providence (10)]
  3034 | D:3      | Found an ornate altar of the Wu Jian Council.
  3035 | D:3      | Found an opulent altar of Gozag.
  3099 | D:4      | Found a staircase to the Ecumenical Temple.
  3103 | D:4      | Noticed Natasha
  3108 | Temple   | Entered the Ecumenical Temple
  3115 | Temple   | Became a worshipper of Makhleb the Destroyer
  3276 | Temple   | Killed Natasha
  3359 | D:4      | Noticed an angel
  3367 | D:4      | Found a shimmering altar of Xom.
  3368 | D:4      | Found a glowing silver altar of Zin.
  3426 | D:4      | Reached XP level 6. HP: 32/32 MP: 11/11
  3480 | D:4      | Slain by a scorpion

Skill      XL: |  1  2  3  4  5 |
---------------+----------------+-----
Long Blades    | 2 |  2.7
Fighting       | 2 |  2.6
Dodging        | 2 |  2.4
Translocations | 1 |  1.7
Spellcasting   | 3 |  3.2
Armour         | |  0.7
Charms         | |  3.8
Necromancy     | |  0.9

Action                   |  1- 3 |  4- 6 || total
-------------------------+-------+-------++-------
Melee: Falchion          |   123 |   213 ||   336
       Bite              |    33 |    49 ||    82
 Cast: Shroud of Golubri |    19 |    29 ||    48
       Song of Slaying   |       |     7 ||     7
  Use: Scroll            |       |     8 ||     8
 Stab: Sleeping          |     2 |       ||     2
  Eat: Chunk             |     3 |    10 ||    13
Armor: Leather armour    |    47 |    55 ||   102
Dodge: Dodged            |   126 |   153 ||   279
       Rpst.: Falchion   |    34 |    36 ||    70
